 Dungeon Crawl Stone Soup version bcrawl-1.12.1 (webtiles) character file.

Game seed: 16203811471101437772

14207 Morbidden the Covert (level 12, -1/89 HPs)
             Began as a Formicid Archaeologist on July 11, 2019.
             Was a High Priest of Okawaru.
             Slain by a komodo dragon (21 damage)
             ... on level 10 of the Dungeon.
             The game lasted 00:35:22 (11003 turns).

Morbidden the Covert (Formicid Archaeologist)      Turns: 11003, Time: 00:35:23

Health: -1/89      AC: 16    Str: 23    XL:     12   Next: 42%
Magic:  18/18      EV: 10    Int: 15    God:    Okawaru [*****.]
Gold:   628        SH: 13    Dex:  9    Spells: 11/11 levels left

rFire    . . .     SeeInvis +   G - +7 hand axe of the Key {elec, Str+3}
rCold    . . .     Gourm    .   p - +2 shield
rNeg     . . .     Faith    .   q - +1 chain mail {rPois}
rPois    +         Spirit   .   (helmet unavailable)
rElec    .         Reflect  .   F - +1 cloak {+Inv}
rCorr    .         Harm     .   (no gloves)
MR       +....                  e - +2 pair of boots of the Assassin {Detection Stab+ Stlth++}
Stlth    ++++......             a - amulet of regeneration
HPRegen  0.64/turn              b - ring of poison resistance
MPRegen  0.16/turn              w - ring of wizardry

@: no status effects
A: permanent stasis, dig shafts and tunnels, four strong arms, antennae 3
a: Dig, Shaft Self, Heroism, Finesse, Renounce Religion, Evoke Invisibility


You were on level 10 of the Dungeon.
You worshipped Okawaru.
Okawaru was extremely pleased with you.
You were not hungry.

You visited 1 branch of the dungeon, and saw 11 of its levels.
You also visited: Ossuary.

You collected 755 gold pieces.
You spent 127 gold pieces at shops.

Inventory:

Hand Weapons
 t - a +2 morningstar of protection
 G - the +7 hand axe of the Key (weapon) {elec, Str+3}
   (You found it on level 9 of the Dungeon)

   Occasionally, upon striking a foe, it will discharge some electrical energy
   and cause terrible harm.
   It affects your strength (+3).
Armour
 e - the +2 pair of boots of the Assassin (worn) {Detection Stab+ Stlth++}

   It makes you much more stealthy.
 p - a +2 shield (worn)
 q - a +1 chain mail of poison resistance (worn)
 u - a +0 troll leather armour
 F - a +1 cloak of invisibility (worn)
Jewellery
 a - an amulet of regeneration (around neck)
 b - a ring of poison resistance (left hand)
 w - a ring of wizardry (right hand)
 A - an uncursed ring of ice
Wands
 c - a wand of acid (6)
 h - a wand of polymorph (9)
 s - a wand of flame (6)
 y - a wand of paralysis (3)
 H - a wand of iceblast (9)
Scrolls
 d - a scroll of amnesia {unknown}
 g - 4 scrolls of fear
 i - 4 scrolls of magic mapping
 m - 8 scrolls of identify
 n - 3 scrolls of enchant weapon {unknown}
 o - a scroll of immolation
 v - 6 scrolls of remove curse
 z - 4 scrolls of blinking {unknown}
 C - 2 scrolls of brand weapon {unknown}
 E - a scroll of acquirement {unknown}
Potions
 j - 4 potions of agility
 k - 2 potions of degeneration
 l - 2 potions of mutation
 r - 3 potions of flight
 x - 3 potions of curing
 D - a potion of brilliance
Comestibles
 f - 19 rations {!d}


   Skills:
 + Level 6.5 Fighting
 + Level 4.5(7.2) Axes
 + Level 8.7(9.2) Maces & Flails
 + Level 5.9 Armour
 + Level 6.2 Dodging
 * Level 13.0 Stealth
 + Level 9.0 Shields
 - Level 8.0 Invocations
 + Level 1.2 Evocations


You had 11 spell levels left.
You didn't know any spells.
Your spell library was empty.

Dungeon Overview and Level Annotations

Branches:
Dungeon (11/12)            Temple (0/1) D:5            Lair (0/6) D:10
    Orc (0/1) D:11
 Vaults: D:11-12

Altars:
Ashenzari
Elyvilon
Fedhas
Hepliaklqana
Kikubaaqudgha
Lugonu
Okawaru
Ru
Sif Muna
Uskayaw
Vehumet
Yredelemnul
Zin
The Shining One

Shops:
D:4 }[   D:5 }   D:7 [   D:10 =

Annotations:
D:4 3 runed translucent doors, feta's ghost, amateur SDFi


Innate Abilities, Weirdness & Mutations

You cannot be hasted, slowed, berserked, paralysed or teleported.
You can dig through walls and to a lower floor.
Your four strong arms can wield two-handed weapons with a shield.
You have a pair of large antennae on your head. (SInv)


Message History

The komodo dragon is lightly wounded.
You block the komodo dragon's attack.
You slash the komodo dragon!
The komodo dragon is moderately wounded.
The komodo dragon bites you!
You completely miss the komodo dragon.
The komodo dragon is moderately wounded.
You block the komodo dragon's attack.
You closely miss the komodo dragon.
The komodo dragon is moderately wounded.
The komodo dragon bites you!!
* * * LOW HITPOINT WARNING * * *
You hit the komodo dragon but do no damage.
Lightning courses through the komodo dragon!!
The komodo dragon is severely wounded.
You block the komodo dragon's attack.
You closely miss the komodo dragon.
The komodo dragon is severely wounded.
The komodo dragon bites you!!
You die...

########### ##PPPPPPPPP#######
#PPl.PPPPPPP##...##############
#PP.>.PPPP.P.#...##............
#PPP..PPP.........#.######.....
#PPPPPP.P....#@...#.#....#.####
#P.PPP......##l...#.#.##.#.##..
##..^..P...###....#.#.##.#.##..
###..)..### #....#.#.##.#.###.
###.#.# #....#.#.##.#.# #.
#...# ####.#.#.##.#.#### ###.#
#>.............. #.#
#..#.#.##....... #.#
#....#.##..#....


You could see a komodo dragon.

Vanquished Creatures
  2 two-headed ogres
  An unseen horror (D:9)
  An ugly thing (D:10)
  Maurice (D:8)
  2 centaur skeletons
  A tengu conjurer (D:10)
  2 slime creatures (D:9)
  6 hippogriffs
  Sigmund (D:2)
  A shadow (D:8)
  A human (D:7)
  17 yaks
  Grum (D:8)
  4 vampire mosquitoes
  3 ice beasts
  2 orc warriors (D:7)
  A sky beast (D:4)
  2 wolves (D:8)
  7 centaurs
  4 ogres
  A crocodile (D:10)
  2 elf zombies (Ossuary)
  3 big kobolds
  A bullfrog (D:6)
  A wyvern zombie (D:8)
  6 scorpions
  14 killer bees
  10 wights
  8 crimson imps
  2 howler monkeys
  A bullfrog zombie (D:8)
  4 centaur zombies
  A quasit (D:6)
  Crazy Yiuf (D:4)
  4 hounds
  A human zombie (Ossuary)
  2 jellies
  5 orc priests
  6 orc wizards
  Terence (D:3)
  3 iguanas (D:8)
  11 worker ants
  A hound skeleton (D:7)
  3 mummies (Ossuary)
  2 worker ant zombies (D:9)
  9 gnolls
  3 adders
  11 river rats
  2 shadow imps
  An adder skeleton (D:8)
  4 adder zombies (Ossuary)
  4 worms
  3 dart slugs (D:1)
  8 leopard geckos
  26 orcs
  4 bats
  4 giant cockroaches
  4 gnoll zombies
  3 goblins
  5 hobgoblins
  15 jackals
  6 quokkas
  A ball python (D:2)
  4 frilled lizards
  3 goblin zombies (Ossuary)
  4 hobgoblin zombies (Ossuary)
  A jackal skeleton (D:5)
  2 jackal zombies (Ossuary)
  15 kobolds
  2 kobold zombies (Ossuary)
  7 quokka zombies (Ossuary)
  19 rats
  4 rat zombies (Ossuary)
  2 fungi (D:4)
330 creatures vanquished.

Vanquished Creatures (others)
  An orc wizard (D:6)
  A fungus (D:4)
  4 plants
6 creatures vanquished.

Grand Total: 336 creatures vanquished

Notes
Turn   | Place    | Note
-------+----------+-------------------------------------------
     0 | D:1      | Morbidden the Formicid Archaeologist began the quest for
                  | the Orb.
     0 | D:1      | Reached XP level 1. HP: 15/15 MP: 1/1
    96 | D:1      | Reached XP level 2. HP: 19/21 MP: 2/2
   394 | D:1      | Reached XP level 3. HP: 20/26 MP: 3/3
   993 | D:2      | Found an iron altar of Okawaru.
   998 | D:2      | Noticed Sigmund
  1042 | D:2      | Killed Sigmund
  1042 | D:2      | Reached skill level 1 in Armour
  1042 | D:2      | Reached skill level 7 in Stealth
  1042 | D:2      | Reached XP level 4. HP: 6/34 MP: 4/4
  1042 | D:2      | Reached XP level 5. HP: 7/39 MP: 5/5
  1042 | D:2      | Reached XP level 6. HP: 9/46 MP: 6/6
  1067 | D:2      | Became a worshipper of Warmaster Okawaru
  1540 | D:2      | Found a faded altar of an unknown god.
  1571 | D:2      | Found a glowing golden altar of the Shining One.
  1888 | D:2      | Found a basalt altar of Yredelemnul.
  2167 | D:3      | Reached skill level 1 in Shields
  2167 | D:3      | Reached skill level 1 in Invocations
  2356 | D:3      | Found a white marble altar of Elyvilon.
  2391 | D:3      | Reached XP level 7. HP: 19/51 MP: 8/8
  2785 | D:3      | Noticed Terence
  2852 | D:3      | Killed Terence
  3084 | D:4      | Reached * piety under Okawaru
  3117 | D:4      | Found a hide-covered altar of Uskayaw.
  3117 | D:4      | Noticed a -1 hand axe
  3117 | D:4      | Noticed a +0 dagger
  3127 | D:4      | Found a runed translucent gate.
  3127 | D:4      | Noticed feta's ghost (amateur SDFi)
  3137 | D:4      | Found a runed translucent gate.
  3137 | D:4      | Identified the +2 whip of Nefellosch {venom, rF++ MR-}
  3138 | D:4      | Found a runed translucent gate.
  3451 | D:4      | Reached XP level 8. HP: 55/58 MP: 10/10
  3545 | D:4      | Found Sirekh's Antique Armour Shop.
  3580 | D:4      | Bought a runed cloak for 127 gold pieces
  3593 | D:4      | Found a hazy altar of Hepliaklqana.
  3593 | D:4      | Found a shattered altar of Ashenzari.
  3598 | D:4      | Found a corrupted altar of Lugonu.
  3600 | D:4      | Found a blossoming altar of Fedhas.
  3601 | D:4      | Found a sacrificial altar of Ru.
  3676 | D:4      | Found Fiukhloam's Gadget Emporium.
  3903 | D:4      | Found a runed door.
  3907 | D:4      | Noticed Crazy Yiuf
  3922 | D:4      | Killed Crazy Yiuf
  4014 | D:5      | Entered Level 5 of the Dungeon
  4275 | D:5      | Reached skill level 8 in Stealth
  4286 | D:5      | Found a blossoming altar of Fedhas.
  4542 | D:5      | Found a staircase to the Ecumenical Temple.
  4561 | D:5      | Noticed a yak
  4575 | D:5      | Killed a yak
  4575 | D:5      | Reached ** piety under Okawaru
  4576 | D:5      | Noticed a yak
  4576 | D:5      | Noticed a yak
  4577 | D:5      | Noticed a yak
  4577 | D:5      | Noticed a yak
  4610 | D:5      | Killed a yak
  4610 | D:5      | Reached skill level 9 in Stealth
  4619 | D:5      | Killed a yak
  4625 | D:5      | Killed a yak
  4625 | D:5      | Reached XP level 9. HP: 19/65 MP: 10/12
  4629 | D:5      | Reached *** piety under Okawaru
  4742 | D:5      | Found Uvoaloav's Gadget Shoppe.
  4907 | D:5      | Reached skill level 5 in Maces & Flails
  5148 | D:6      | Reached skill level 10 in Stealth
  5225 | D:6      | Reached skill level 5 in Invocations
  5242 | D:6      | Found a sand-covered staircase.
  5247 | Ossuary  | Entered an ossuary
  5683 | D:6      | Reached skill level 5 in Shields
  5995 | D:6      | Reached **** piety under Okawaru
  6443 | D:7      | Reached XP level 10. HP: 53/73 MP: 11/14
  6730 | D:7      | Reached skill level 1 in Evocations
  6791 | D:7      | Found Gaofer's Antique Armour Shop.
  6854 | D:7      | Found a glowing silver altar of Zin.
  6977 | D:7      | Reached skill level 5 in Dodging
  7251 | D:7      | Reached ***** piety under Okawaru
  7251 | D:7      | Reached skill level 11 in Stealth
  7467 | D:8      | Noticed Grum
  7488 | D:8      | Killed Grum
  7620 | D:7      | Reached skill level 5 in Fighting
  7806 | D:8      | Received a gift from Okawaru
  7806 | D:8      | Reached XP level 11. HP: 38/80 MP: 16/16
  8301 | D:8      | Noticed Maurice
  8321 | D:8      | Killed Maurice
  9170 | D:9      | Got a smoking hand axe
  9193 | D:9      | Found a radiant altar of Vehumet.
  9202 | D:9      | Reached skill level 5 in Armour
  9209 | D:9      | Found an ancient bone altar of Kikubaaqudgha.
  9220 | D:9      | Found a deep blue altar of Sif Muna.
  9389 | D:9      | Reached skill level 12 in Stealth
  9452 | D:9      | Identified the +7 hand axe of the Key {elec, Str+3} (You
                  | found it on level 9 of the Dungeon)
  9512 | D:9      | Noticed a two-headed ogre
  9516 | D:9      | Killed a two-headed ogre
  9673 | D:9      | Noticed an unseen horror
  9683 | D:9      | Killed an unseen horror
  9683 | D:9      | Reached skill level 1 in Axes
  9764 | D:9      | Received a gift from Okawaru
  9807 | D:10     | Entered Level 10 of the Dungeon
  9833 | D:9      | Reached XP level 12. HP: 29/88 MP: 18/18
 10032 | D:10     | Noticed a two-headed ogre
 10043 | D:10     | Killed a two-headed ogre
 10220 | D:10     | Found Noschook's Jewellery Shoppe.
 10235 | D:10     | Found a staircase to the Lair.
 10953 | D:11     | Found a staircase to the Orcish Mines.
 10963 | D:11     | Reached skill level 13 in Stealth
 11003 | D:10     | Slain by a komodo dragon

Skill      XL: |  1  2  3  4  5  6  7  8  9 10 11 12 |
---------------+-------------------------------------+-----
Dodging        | 3 4 5 6 |  6.2
Fighting       | 2 3 4 5 6 |  6.5
Armour         | 1 2 3 4 5 |  5.9
Stealth        | 7 9 10 11 12 13 | 13.0
Shields        | 1 3 4 5 6 8 9 |  9.0
Invocations    | 1 3 4 5 7 8 |  8.0
Maces & Flails | 2 4 6 7 8 |  8.7
Evocations     | 1 |  1.2
Axes           | 2 4 |  4.5

Action                   |  1- 3 |  4- 6 |  7- 9 | 10-12 || total
-------------------------+-------+-------+-------+-------++-------
Melee: Whip              |   116 |    29 |       |       ||   145
       Mace              |       |   148 |   955 |    81 ||  1184
       Morningstar       |       |       |       |   584 ||   584
       Hand axe          |       |       |       |   182 ||   182
Invok: Heroism           |       |       |     3 |     5 ||     8
       Finesse           |       |       |       |     2 ||     2
Evoke: Wand              |       |       |       |    17 ||    17
  Use: Potion            |     4 |     3 |     2 |     8 ||    17
       Scroll            |     1 |       |     5 |     4 ||    10
 Stab: Sleeping          |     4 |     4 |     1 |    23 ||    32
       Invisible         |     2 |     1 |       |       ||     3
       Distracted        |       |       |       |     2 ||     2
  Eat: Chunk             |       |     5 |    12 |    17 ||    34
       Ration            |       |       |     1 |       ||     1
Armor: Robe              |    16 |       |       |       ||    16
       Ring mail         |    23 |    78 |    29 |       ||   130
       Chain mail        |       |       |   439 |   129 ||   568
       Troll leather arm |       |       |       |   112 ||   112
       Skin              |       |       |       |    18 ||    18
Dodge: Dodged            |    89 |    82 |   264 |   306 ||   741
Block: Shield            |       |    76 |   588 |   555 ||  1219
